 Dungeon Crawl Stone Soup version 0.20.1-1-g8b1a95d (webtiles) character file.

4449 vomix the Severer (level 10, -1/76 (77) HPs)
             Began as a Minotaur Berserker on Aug 9, 2017.
             Was an Elder of Trog.
             Slain by an orc warrior
             ... wielding a +0 glaive
              (7 damage)
             ... on level 8 of the Dungeon.
             The game lasted 00:11:41 (6489 turns).

vomix the Severer (Minotaur Berserker)              Turns: 6489, Time: 00:11:41

HP:   -1/76 (77)    AC: 14    Str: 22    XL:     10   Next: 15%
MP:   9/9           EV:  8    Int:  4    God:    Trog [****..]
Gold: 369           SH:  0    Dex: 13    Spells: 9/9 levels left

rFire    . . .     SeeInvis +   D - +0 war axe
rCold    . . .     Gourm    .   (no shield)
rNeg     . . .     Faith    .   r - +2 chain mail {rPois}
rPois    +         Spirit   .   (helmet restricted)
rElec    .         Reflect  .   p - +1 cloak {MR+}
rCorr    .         Harm     .   (no gloves)
MR       +++..                  i - +0 pair of boots
Stlth    ..........             (no amulet)
Regen    1.3/turn               b - ring of see invisible
MPRegen  0.2/turn               (no ring)

@: berserk cooldown, very slightly contaminated, regenerating, slowed, very slow
A: retaliatory headbutt, horns 2
a: Berserk, Trog's Hand, Brothers in Arms, Burn Spellbooks, Renounce Religion


You were on level 8 of the Dungeon.
You worshipped Trog.
Trog was greatly pleased with you.
You were near starving.

You visited 1 branch of the dungeon, and saw 8 of its levels.

You collected 369 gold pieces.

Inventory:

Hand Weapons
 D - a +0 war axe (weapon)
Armour
 i - a +0 pair of boots (worn)
 p - a +1 cloak of magic resistance (worn)
 r - a +2 chain mail of poison resistance (worn)
Jewellery
 b - a ring of see invisible (left hand)
Wands
 d - a wand of lightning (10/15)
 l - a wand of polymorph (17/24)
 s - a wand of flame (6/48)
 u - a wand of paralysis (9/24)
 I - a wand of acid (7/15)
Scrolls
 g - a scroll of magic mapping {unknown}
 j - 7 scrolls of teleportation {unknown}
 k - 5 scrolls of remove curse {unknown}
 n - 2 scrolls of amnesia {unknown}
 q - 4 scrolls of enchant weapon {unknown}
 t - 2 scrolls of enchant armour {unknown}
 w - a scroll of noise {unknown}
 x - 3 scrolls of random uselessness {unknown}
 y - a scroll of fog {unknown}
 z - a scroll of fear {unknown}
 A - a scroll of recharging {unknown}
 C - a scroll of immolation {unknown}
Potions
 f - a potion of ambrosia
 o - a potion of flight
 v - 2 potions of mutation
 B - a potion of lignification
 E - a potion of brilliance {unknown}
 F - a potion of invisibility
 G - a potion of resistance {unknown}
 H - a potion of cancellation {unknown}
Comestibles
 a - 7 fruits
 c - 3 bread rations
 h - 6 royal jellies
 m - 7 chunks of flesh


   Skills:
 - Level 3.6 Fighting
 + Level 16.7 Axes
 - Level 2.4 Armour
 - Level 2.1 Dodging


You had 9 spell levels left.
You didn't know any spells.

Dungeon Overview and Level Annotations

Branches:
Dungeon (8/15)             Temple (0/1) D:5
   Lair: D:8-11

Altars:
Dithmenos
Makhleb
Qazlal
Ru
Beogh

Shops:
D:8 :?


Innate Abilities, Weirdness & Mutations

You reflexively headbutt those who attack you in melee.
You have a pair of horns on your head.


Message History

As you read the scroll of blinking, it crumbles to dust.
Okay, then.
The orc warrior completely misses you. The orc warrior barely misses you.
Your skin crawls.
You feel resistant to hostile enchantments.
You are near starving!
The orc warrior hits you from afar with a glaive!
* * * LOW HITPOINT WARNING * * *
You're still recovering from your berserk rage.
You hit the orc warrior.
The orc warrior is lightly wounded.
The orc warrior hits you from afar with a glaive!
* * * LOW HITPOINT WARNING * * *
The orc warrior hits you with a war axe.
* * * LOW HITPOINT WARNING * * *
You closely miss the orc warrior. Your headbutt misses the orc warrior.
The orc warrior is lightly wounded.
The orc warrior hits you from afar with a glaive!
You die...

#....#######.......
###.)..........)...
#......####.#.....#
#......###.#.#..#.#
#......##.#...#.#..
#....))..#.....#...
#.o......#.≈≈≈.#...
#.o......#≈...≈#...
#.@......#≈._.≈#.##
#.....)..#≈...≈#...
#........#.≈≈≈.#...
#........#.....#...
###.......#...#....
#........#.#.....
#.....#...#......
#.....##.........
#.....####.......


You could see 2 orc warriors.

Vanquished Creatures
  A two-headed ogre (D:8)
  Pikel (D:4)
  A hungry ghost (D:7)
  A sky beast (D:8)
  2 ice beasts
  4 orc warriors (D:8)
  2 slaves (D:4)
  4 ogres
  3 centaurs
  A necrophage (D:6)
  A bullfrog (D:7)
  A water moccasin zombie (D:5)
  2 scorpions
  5 killer bees (D:7)
  9 wights
  2 howler monkeys (D:7)
  A crimson imp (D:5)
  A centaur zombie (D:8)
  2 jellies
  8 hounds
  Crazy Yiuf (D:5)
  A centaur skeleton (D:8)
  2 orc priests (D:6)
  Terence (D:2)
  An iguana (D:7)
  5 orc wizards
  5 worker ants
  A hound skeleton (D:6)
  6 adders
  A howler monkey skeleton (D:6)
  2 shadow imps (D:5)
  2 adder skeletons
  3 worms
  3 dart slugs
  6 leopard geckos
  32 orcs
  10 bats
  8 giant cockroaches
  4 goblins
  6 hobgoblins
  14 jackals
  4 ball pythons
  5 frilled lizards
  A jackal skeleton (D:6)
  4 kobolds
  7 rats
187 creatures vanquished.

Notes
Turn   | Place    | Note
-------+----------+-------------------------------------------
     0 | D:1      | vomix the Minotaur Berserker began the quest for the Orb.
     0 | D:1      | Reached XP level 1. HP: 19/19 MP: 0/0
   212 | D:1      | Reached skill level 4 in Axes
   218 | D:1      | Reached XP level 2. HP: 7/26 MP: 1/1
   667 | D:1      | Reached skill level 5 in Axes
   710 | D:1      | Reached XP level 3. HP: 31/31 MP: 2/2
   854 | D:1      | Reached ** piety under Trog
  1551 | D:2      | Noticed Terence
  1558 | D:2      | Killed Terence
  1558 | D:2      | Reached skill level 6 in Axes
  1558 | D:2      | Reached XP level 4. HP: 39/39 MP: 3/3
  2178 | D:3      | Reached XP level 5. HP: 45/45 MP: 4/4
  2232 | D:3      | Reached skill level 7 in Axes
  2474 | D:4      | Reached *** piety under Trog
  2664 | D:4      | Reached skill level 8 in Axes
  2791 | D:4      | Reached XP level 6. HP: 51/51 MP: 5/5
  2831 | D:4      | Noticed a slave
  2831 | D:4      | Noticed a slave
  2831 | D:4      | Noticed a slave
  2835 | D:4      | Noticed Pikel
  2839 | D:4      | Killed a slave
  2839 | D:4      | Killed a slave
  2846 | D:4      | Noticed a slave
  2849 | D:4      | Killed Pikel
  2849 | D:4      | Reached skill level 10 in Axes
  2849 | D:4      | Reached XP level 7. HP: 57/57 MP: 6/6
  2999 | D:5      | Entered Level 5 of the Dungeon
  3250 | D:5      | Found a shadowy altar of Dithmenos.
  3535 | D:5      | Reached skill level 11 in Axes
  3567 | D:5      | Reached XP level 8. HP: 46/64 MP: 7/7
  3956 | D:5      | Found a staircase to the Ecumenical Temple.
  4030 | D:5      | Found a runed door.
  4036 | D:5      | Noticed Crazy Yiuf
  4043 | D:5      | Killed Crazy Yiuf
  4114 | D:6      | Reached skill level 12 in Axes
  4695 | D:6      | Reached skill level 13 in Axes
  4731 | D:6      | Found a burning altar of Makhleb.
  4800 | D:6      | Reached **** piety under Trog
  5186 | D:7      | Reached XP level 9. HP: 69/69 MP: 8/8
  5270 | D:7      | Reached skill level 14 in Axes
  5588 | D:7      | Reached skill level 15 in Axes
  6047 | D:7      | Found a stormy altar of Qazlal.
  6160 | D:8      | Found Buz Cou's Book Boutique.
  6161 | D:8      | Found Tyxkabb's Magic Scroll Shop.
  6325 | D:8      | Found a sacrificial altar of Ru.
  6353 | D:8      | Reached ***** piety under Trog
  6359 | D:8      | Reached skill level 16 in Axes
  6382 | D:8      | Noticed a two-headed ogre
  6388 | D:8      | Killed a two-headed ogre
  6388 | D:8      | Reached XP level 10. HP: 44/76 MP: 9/9
  6448 | D:8      | Found a roughly hewn altar of Beogh.
  6489 | D:8      | Slain by an orc warrior

Skill      XL: |  1  2  3  4  5  6  7  8  9 |
---------------+----------------------------+-----
Axes           | 4 5 6 8 10 11 13 16 | 16.7
Fighting       | |  3.6
Armour         | |  2.4
Dodging        | |  2.1

Action                   |  1- 3 |  4- 6 |  7- 9 | 10-12 || total
-------------------------+-------+-------+-------+-------++-------
Melee: Hand axe          |    86 |   119 |   173 |       ||   378
       Headbutt          |    15 |    28 |    65 |     6 ||   114
       War axe           |       |       |   147 |    22 ||   169
Invok: Berserk           |     1 |     2 |    10 |     1 ||    14
       Trog's Hand       |       |     1 |     4 |     2 ||     7
       Burn Spellbooks   |       |       |     1 |       ||     1
  Use: Scroll            |       |       |     6 |     1 ||     7
       Potion            |       |       |     5 |       ||     5
  Eat: Chunk             |     2 |     6 |    11 |     1 ||    20
       Meat ration       |       |       |     1 |       ||     1
       Fruit             |       |       |     1 |       ||     1
       Royal jelly       |       |       |     2 |       ||     2
       Bread ration      |       |       |     1 |       ||     1
Armor: Animal skin       |    23 |       |       |       ||    23
       Chain mail        |    17 |    58 |   141 |     7 ||   223
Dodge: Dodged            |    71 |    49 |   122 |     6 ||   248
